[Event "HSK IM Invitational 2022"]
[Site "Hamburg"]
[Date "2022.05.21"]
[Round "2.5"]
[White "Hommer, Jeremy"]
[Black "Bracker, Arne"]
[Result "1/2-1/2"]
[ECO "C54"]
[WhiteElo "2152"]
[BlackElo "2276"]
[Annotator "TA"]
[PlyCount "101"]
[EventDate "2022.05.20"]
[EventType "tourn"]
[EventCountry "GER"]
[SourceTitle "playchess.com"]
[Source "ChessBase"]
[SourceQuality "1"]
[TimeControl "40/5400+30:1800+30"]

1. e4 e5 2. Nf3 Nc6 3. Bc4 Bc5 4. c3 Nf6 5. d3 d6 6. Nbd2 O-O {[%emt 0:00:59] 6...a5 is setting a new trend.} 7. O-O Ne7 {[%emt 0:06:23] C54: Giuoco Piano: 4 c3 Nf6, main lines with 5 d4 and 5 d3.} 8. h3 Ng6 9. d4 Bb6 {[%emt 0:00:58] The position is equal.} 10. Re1 c6 11. Bf1 exd4 12. cxd4 d5 13. e5 Nh5 14. Nb3 f6 {[%emt 0:03:16] [#]} 15. e6 $146 {[%emt 0:18:12][%cal Of3h4] Black must now prevent Nh4!} ({Predecessor:} 15. Be3 Nhf4 16. Qd2 fxe5 17. Nxe5 Qf6 18. Nxg6 Nxg6 19. g3 Bf5 20. Nc5 Bxc5 21. dxc5 {½-½ (58) Ortiz Suarez,I (2545)-Robson,R (2673) Chess.com INT 2020}) 15... Qd6 16. g3 Bc7 17. Bg2 Ne7 (17... Re8 $15) 18. Nc5 $11 g6 19. a3 Re8 (19... b6 $5 20. Nd3 Re8 $11) 20. Qe2 ({White should try} 20. Bd2 $11) 20... Nf5 (20... b6 $5 21. Na6 Bd8 $11) 21. b4 Nhg7 (21... b6 $5 22. g4 Nxd4 23. Nxd4 bxc5 24. bxc5 Qxc5 $17) 22. g4 Ne7 23. Bh6 a5 24. Rac1 axb4 25. axb4 b6 (25... g5 $5 ) 26. Nd7 Bxd7 27. exd7 Qxd7 {[%emt 0:00:06][%cal Oe7f5] And now ...Nef5! would win.} 28. Bxg7 Kxg7 29. Qe6 Rad8 (29... Qxe6 $17 30. Rxe6 Bf4) 30. g5 Qxe6 31. Rxe6 fxg5 32. b5 Bf4 33. Rce1 Kf7 34. bxc6 h6 35. Nh2 $1 h5 36. Nf3 g4 37. hxg4 hxg4 38. Nh2 Bxh2+ 39. Kxh2 Rh8+ 40. Kg1 Nf5 41. c7 Rd7 42. Bxd5 {[%emt 0:02:12] Rd6+ would kill now. The board is on fire.} Rxd5 {[%emt 0:07:46] [#]} (42... Kg7 $1 $11) 43. Re8 $1 $16 {[%emt 0:00:15][%mdl 64] Decoy} Rxe8 44. Rxe8 {[%emt 0:00:06][%mdl 64] Remove Defender} Kxe8 45. c8=Q+ {[%emt 0:00:08][%mdl 4096] Endgame KQ-KRN} Kf7 {[%emt 0:01:42] [#]} 46. Qb7+ $1 Ke6 47. Qxb6+ Rd6 48. Qb3+ Rd5 49. Qb6+ Rd6 50. Qb3+ (50. d5+ $5 Kxd5 51. Qb4 $16) 50... Rd5 $1 51. Qb6+ {[%emt 0:20:46] Weighted Error Value: White=0.14 (very precise) /Black=0.12 (very precise)} ({Better is} 51. Kg2 $16) 1/2-1/2

[Event "HSK IM Invitational 2022"]
[Site "Hamburg"]
[Date "2022.05.22"]
[Round "3.1"]
[White "Bracker, Arne"]
[Black "Clarke, Brandon G I"]
[Result "0-1"]
[ECO "B72"]
[WhiteElo "2276"]
[BlackElo "2445"]
[Annotator "TA"]
[PlyCount "102"]
[EventDate "2022.05.20"]
[EventType "tourn"]
[EventCountry "GER"]
[SourceTitle "playchess.com"]
[Source "ChessBase"]
[SourceQuality "1"]
[TimeControl "40/5400+30:1800+30"]

1. e4 c5 2. Nf3 Nf6 3. Nc3 d6 4. d4 cxd4 5. Nxd4 g6 6. Be3 Nc6 {[%emt 0:00:04] B72: Sicilian Dragon: 6 Be3, lines with h3+Bc4 and sidelines.} 7. f3 {[%emt 0:02:55] Prevents Ng4.} h5 8. Qd2 Nxd4 {[%emt 0:01:54] White is slightly better.} 9. Bxd4 Bh6 10. Bb5+ {[%emt 0:03:22] [#]} Kf8 $146 ({Predecessor:} 10... Bd7 11. Qd3 Bc6 12. O-O O-O 13. Bxf6 exf6 14. Kh1 Qb6 15. a4 Qc5 16. Rfd1 Rfd8 {0-1 (33) Saric,I (2669)-Rapport,R (2763) Warsaw 2021}) 11. Qd3 Be6 12. Ba4 h4 13. O-O Bg7 14. Rad1 Rc8 15. Bb3 {[%emt 0:00:31] Prevents Bc4.} (15. Bxa7 $2 Qa5 16. Be3 (16. Qd4 $2 Nh5 $19) 16... Bc4 $19) 15... Qa5 $2 (15... Nd7 $14) 16. f4 $2 (16. Bxe6 $18 fxe6 17. f4) 16... Bxb3 $1 $14 17. axb3 h3 18. g3 Ng4 19. Bxg7+ Kxg7 20. Qd4+ f6 21. Ra1 Qc5 22. Qxc5 dxc5 23. Rxa7 Rcd8 24. Rd1 {[%emt 0:11:46] Against Rd2} (24. Rxb7 $2 Rd2 25. Rxe7+ Kh6 $19) 24... Ne3 25. Rxd8 Rxd8 26. Nd5 (26. Rxb7 Rd2 27. Rxe7+ Kh6 28. Re8 Rg2+ 29. Kh1 Rf2) (26. Kf2 $1 $11 Nxc2 27. Ke2) 26... Nxd5 (26... Ng4 $1 $19 {Hoping for ...e6.} 27. Kf1 (27. Rxb7 $2 Ra8 $19) 27... Nxh2+ 28. Ke2 Ng4) 27. exd5 $15 Rxd5 28. Rxb7 $19 {[%emt 0:01:02][%mdl 4096] Endgame KR-KR} Kf7 29. c3 {[%emt 0:06:30] Black continues to play with concentration.} (29. Rc7 $15) 29... Rd2 $1 30. b4 (30. Rb5 $142) 30... Rg2+ ({Not} 30... Rxb2 31. Rb8 $17) 31. Kh1 Rxb2 32. Kg1 Rg2+ 33. Kh1 c4 34. b5 Rc2 35. Kg1 Rxc3 36. b6 Rc1+ 37. Kf2 Rh1 (37... Rc2+ $19 38. Kg1 Rg2+ 39. Kh1 Rb2) 38. Kf3 $2 (38. g4 $17) 38... Rxh2 {[%emt 0:00:09] And now ...Rb2 would win.} 39. Kg4 Ke6 $1 40. Rc7 $2 (40. Rb8) 40... Kd5 41. b7 {[%emt 0:04:24] [#]} Rb2 $1 42. Kxh3 e6 {[%emt 0:05:26] Threatens to win with ...Kd4.} 43. g4 $2 (43. Kg4) 43... Kd4 44. Kg3 c3 {[%emt 0:09:32][%cal Bc4c3,Bc3c2][%mdl 32] Strongly threatening ...Kd3.} 45. Kf3 Kd3 46. Rd7+ {[%emt 0:01:55] [#]} Kc2 $1 {[%emt 0:00:03] ...Kc1 is the strong threat.} (46... Kc4 47. Ke3 $11) 47. Ke3 Kc1 (47... Rb4 $142 {( -> ...Kb1)} 48. b8=Q Rxb8) 48. Rh7 Rb3 {[%emt 0:00:46] Black mates.} 49. Ke2 c2 50. Rc7 Kb1 ({Stronger than} 50... Kb2 51. Kd2 $11) 51. Kd2 Rb2 {[%emt 0:00:12] Weighted Error Value: White=0.91/Black=0.22 (precise)} 0-1

[Event "HSK IM Invitational 2022"]
[Site "Hamburg"]
[Date "2022.05.22"]
[Round "3.2"]
[White "Kopylov, Michael"]
[Black "Hommer, Jeremy"]
[Result "1/2-1/2"]
[ECO "E05"]
[WhiteElo "2378"]
[BlackElo "2152"]
[Annotator "TA"]
[PlyCount "49"]
[EventDate "2022.05.20"]
[EventType "tourn"]
[EventCountry "GER"]
[SourceTitle "playchess.com"]
[Source "ChessBase"]
[SourceQuality "1"]
[TimeControl "40/5400+30:1800+30"]

1. d4 e6 2. g3 Nf6 3. Bg2 d5 4. Nf3 Be7 5. O-O O-O 6. c4 dxc4 7. Ne5 Nc6 8. Nxc6 bxc6 9. Na3 Bxa3 10. bxa3 Ba6 11. Qd2 {[%emt 0:00:29] E05: Open Catalan: 5 Nf3 Be7.} Rb8 12. Qa5 Qc8 $1 {[%emt 0:00:26] 12...Qc8 is better than 12...Rb6.} (12... Qxd4 $2 13. Be3 Qd6 14. Qxa6 $18) 13. a4 {[%emt 0:01:48] The position is equal.} Rd8 14. Ba3 Rxd4 15. Rfb1 {[%emt 0:04:14][%cal Oa5a6] [#] Qxa6! is the strong threat.} Rxb1+ 16. Rxb1 {[%emt 0:00:02][%cal Oa5a6] Threatens to win with Qxa6!} h6 17. Bc5 {[%emt 0:05:01] [#]} Rd8 $146 ({Predecessor:} 17... Rd5 18. e4 Rd3 19. h3 c3 20. Kh2 Nd7 21. Bxa7 c2 22. Rc1 Qb7 23. Be3 Rxe3 24. fxe3 {0-1 (31) Nisipeanu,L (2674)-Huschenbeth,N (2586) Austria 2019}) 18. Bxa7 {[%emt 0:07:31] A strong pair of Bishops.} c3 19. Qxc3 Bxe2 20. Bd4 ({Reject} 20. Bxc6 Qa6 21. Be3 Rd6 $15) 20... Ne8 (20... Nd5 $1 $11 {remains equal.} 21. Bxd5 Rxd5) 21. Bxc6 $16 f6 22. Ba7 {[%emt 0:08:32] 0x0.000a5ab1b8f8dp-1022s more active pieces.} (22. Be3 $16) 22... Qa6 $11 23. Be3 (23. Qc5 $5 ) 23... Nd6 (23... Bc4 $1 $15 24. Be4 Qxa4) 24. Rc1 Rb8 (24... Bc4 $11 25. Bb5 Bxb5 26. Qxc7 Nf7 27. axb5 Qxb5) 25. h4 {[%emt 0:03:12] Weighted Error Value: White=0.10 (very precise) /Black=0.21 (precise)} 1/2-1/2

[Event "HSK IM Invitational 2022"]
[Site "Hamburg"]
[Date "2022.05.22"]
[Round "3.3"]
[White "Garner, Isaac"]
[Black "Fischer, Daniel"]
[Result "0-1"]
[ECO "B48"]
[WhiteElo "2240"]
[BlackElo "2367"]
[Annotator "TA"]
[PlyCount "32"]
[EventDate "2022.05.20"]
[EventType "tourn"]
[EventCountry "GER"]
[SourceTitle "playchess.com"]
[Source "ChessBase"]
[SourceQuality "1"]
[TimeControl "40/5400+30:1800+30"]

1. e4 c5 2. Nf3 e6 3. d4 cxd4 4. Nxd4 Nc6 5. Nc3 Qc7 6. Be3 a6 7. g4 {[%emt 0:00:04] B48: Sicilian: Taimanov: 5 Nc3 Qc7 6 Be3 a6 without Be2.} b5 8. Nxc6 Qxc6 9. Qd2 {[%emt 0:00:04] The position is equal.} Bb7 (9... b4 $1 $15 10. Ne2 Qxe4) 10. O-O-O $14 b4 11. Ne2 Nf6 12. f3 d5 13. g5 Nd7 14. Nd4 Qc7 {[%emt 0:02:19] [#]} 15. Bf4 $146 ({Predecessor:} 15. f4 dxe4 16. f5 e5 17. Nb3 a5 18. f6 a4 19. Bh3 Bc6 20. Bxd7+ Qxd7 21. Qf2 {½-½ (29) Fier,A (2558)-Garcia Blanco,O (2344) Linares 2021}) 15... e5 (15... Qb6 $5 ) 16. exd5 $2 {[%emt 0:01:13] [#]} (16. Bg3 $1 $11 {and White stays safe.}) 16... Bd6 {[%emt 0:08:48] Weighted Error Value: White=0.35/Black=0.15 (very precise)} ({Don't do} 16... Bxd5 {[#]} 17. Nb5 $1 axb5 18. Qxd5 $18) ({Black should play} 16... exf4 $19 17. Re1+ Kd8 18. Nc6+ (18. Qe2 $2 Bd6 $19) 18... Bxc6 19. dxc6 Qxc6) 0-1

[Event "HSK IM Invitational 2022"]
[Site "Hamburg"]
[Date "2022.05.22"]
[Round "3.4"]
[White "Schulze, Lara"]
[Black "Miezis, Normunds"]
[Result "1/2-1/2"]
[ECO "B42"]
[WhiteElo "2303"]
[BlackElo "2452"]
[Annotator "TA"]
[PlyCount "82"]
[EventDate "2022.05.20"]
[EventType "tourn"]
[EventCountry "GER"]
[SourceTitle "playchess.com"]
[Source "ChessBase"]
[SourceQuality "1"]
[TimeControl "40/5400+30:1800+30"]

1. e4 c5 2. Nf3 e6 3. d4 cxd4 4. Nxd4 a6 5. Bd3 Ne7 6. O-O Nbc6 7. Nxc6 Nxc6 8. Be3 {[%emt 0:00:31] B42: Sicilian: Kan Variation: 5 Bd3.} Qc7 9. f4 {[%emt 0:01:04] [#]} Be7 $146 ({Predecessor:} 9... d6 10. Qg4 g6 11. f5 Ne5 12. Qh4 Qd8 13. f6 h5 14. h3 Bh6 15. Bxh6 {1-0 (39) Oral,T (2410)-Pekarek,A (2445) Czech Republic 1995}) 10. c4 {[%emt 0:09:16] White is slightly better.} b6 11. Nc3 Bb7 (11... Rb8 $14) 12. Qd2 (12. Na4 $16) 12... Bc5 $14 13. Rad1 Rd8 14. a3 O-O ({Black should try} 14... Na5 $14) 15. b4 (15. Na4 $1 $16) 15... Bxe3+ $1 16. Qxe3 Ne7 $1 17. e5 d5 {[%emt 0:10:21] [#]} 18. cxd5 Nxd5 {[%emt 0:04:59] [#]} 19. Qh3 f5 {[%emt 0:02:58] [#]} 20. exf6 $1 Nxf6 21. Qxe6+ Kh8 22. Qc4 Qb8 23. Be2 b5 $132 {[%emt 0:04:09][%mdl 2048] [#] Black is fighting back} 24. Rxd8 $1 Rxd8 25. Qc5 h6 26. Bf3 Bxf3 27. Rxf3 Rd2 28. h3 $1 Qd8 29. Kh2 Rd4 30. Qe5 Rc4 31. Qe2 {[%emt 0:02:30] Inhibits Qd2.} Qd4 32. Qd3 Qxd3 33. Rxd3 Rxf4 $16 {[%emt 0:00:05][%mdl 4096] Endgame KRN-KRN} 34. Rd6 Rc4 35. Nd1 a5 $2 (35... Rc1 $14) 36. bxa5 $18 Ra4 37. a6 {[%emt 0:00:53] Black must now prevent Nc3.} Rxa3 {[%emt 0:00:15] [#]} 38. Rb6 $2 ({White has to play} 38. Nc3 $1 $18 Rxc3 39. Rd8+ Kh7 40. a7) 38... Kh7 $11 {[%emt 0:00:39] The position is equal.} 39. Nf2 b4 40. Rxb4 Rxa6 41. Rb2 Ra3 {[%emt 0:30:24] Weighted Error Value: White=0.16 (very precise) /Black=0.19 (very precise)} 1/2-1/2

[Event "HSK IM Invitational 2022"]
[Site "Hamburg"]
[Date "2022.05.22"]
[Round "3.5"]
[White "Kotyk, Michael"]
[Black "Kopylov, Daniel"]
[Result "0-1"]
[ECO "D90"]
[WhiteElo "2170"]
[BlackElo "2292"]
[Annotator "TA"]
[PlyCount "42"]
[EventDate "2022.05.20"]
[EventType "tourn"]
[EventCountry "GER"]
[SourceTitle "playchess.com"]
[Source "ChessBase"]
[SourceQuality "1"]
[TimeControl "40/5400+30:1800+30"]

1. d4 Nf6 2. c4 g6 3. Nc3 d5 4. Nf3 Bg7 5. h4 dxc4 6. e4 {[%emt 0:00:05] D90: Grünfeld: 4 Nf3 Bg7 sidelines.} c5 7. d5 b5 8. h5 {[%emt 0:00:07] [#] aiming for h6. The position is equal.} Nxh5 9. Nxb5 Qa5+ 10. Nc3 $1 {[%emt 0:00:42][%mdl 1024] White has compensation.} Nd7 11. Qc2 Rb8 12. Bd2 Ba6 {[%emt 0:08:19][%cal Oh5f4] [#]} 13. Na4 $146 {[%emt 1:16:39] [#]} (13. Nd1 $11 {remains equal.} Qc7 14. Rb1) ({Predecessor:} 13. g4 Nf4 14. Nd1 Qc7 15. Bxc4 Bxc4 16. Qxc4 O-O 17. Kf1 e6 18. Rc1 Rfd8 19. b4 exd5 20. exd5 Nxd5 21. bxc5 {0-1 (39) Prohaszka,P (2587)-Sargsyan,S (2601) Chess.com INT 2020}) 13... Rb4 $1 $17 14. Bxb4 cxb4 15. e5 $2 {[%emt 0:00:00] Now White is beyond hope.} (15. O-O-O $17 O-O 16. Nd4 Bxd4 17. Rxd4) 15... b3+ $19 {[%emt 0:04:14][%mdl 64] Discovered Attack} 16. Qd2 Qxa4 17. g4 (17. Qd4 $142) 17... Nxe5 18. Nxe5 Bxe5 19. gxh5 c3 {[%emt 0:00:33] ( -> ...Qe4+)} 20. Qe3 {[%emt 0:00:00] Inhibits Qe4.} cxb2 21. Rd1 Qb4+ {[%emt 0:01:01] Weighted Error Value: White=1.21/Black=0.24 (precise)} 0-1

[Event "HSK IM Invitational 2022"]
[Site "Hamburg"]
[Date "2022.05.23"]
[Round "4.1"]
[White "Clarke, Brandon G I"]
[Black "Kopylov, Daniel"]
[Result "1-0"]
[ECO "B32"]
[WhiteElo "2445"]
[BlackElo "2292"]
[Annotator "TA"]
[PlyCount "97"]
[EventDate "2022.05.20"]
[EventType "tourn"]
[EventCountry "GER"]
[SourceTitle "playchess.com"]
[Source "ChessBase"]
[SourceQuality "1"]
[TimeControl "40/5400+30:1800+30"]

1. e4 c5 2. Nf3 Nc6 3. d4 cxd4 4. Nxd4 e5 5. Nb5 d6 6. c4 Be7 7. N1c3 a6 8. Na3 f5 9. exf5 Bxf5 10. Bd3 Be6 11. Nc2 Nf6 {[%emt 0:01:38] B32: Sicilian: Löwenthal and Kalashnikov Variations.} 12. O-O O-O 13. b3 Qd7 {[%emt 0:01:28] The position is equal.} 14. Nd5 Bd8 {[%emt 0:06:50] Prevents Nb6.} 15. Nxf6+ Rxf6 16. Be4 {[%emt 0:00:00] [#]} Bb6 $146 ({Predecessor:} 16... Ba5 17. Ba3 Rd8 18. Ne3 Bb6 19. Qc2 g6 20. Rad1 Bd4 21. Bb2 Bxb2 22. Qxb2 Nd4 {½-½ (36) Zacharov,O (2206)-Teverovski,B (2063) LSS email 2011}) 17. Qd3 (17. Qh5 Bf5 18. Bxf5 Rxf5 $11) 17... g6 18. Bg5 Rf7 19. Rad1 Raf8 20. Rd2 Kg7 21. Be3 (21. Qxd6 Qxd6 22. Rxd6 Bxf2+ 23. Kh1 (23. Rxf2 Rxf2 24. h4 Rf1+ 25. Kh2 Bf5 $17) 23... Bc5 $1 24. Rxf7+ Rxf7 $15) 21... Ba5 22. Rdd1 Bc7 23. Qc3 Bf5 24. Bd5 Be6 25. Rd3 (25. Nb4 $16) 25... Bxd5 26. Rxd5 Qe6 27. Rfd1 Ne7 28. R5d2 Kg8 29. Qb4 Nf5 (29... Rb8 $14) 30. h3 ({White should try} 30. Qxb7 $16 Ba5 31. Qd5 Qxd5 32. Rxd5 Nxe3 33. fxe3 (33. Nxe3 Bb4 $14)) 30... Bb8 31. Bb6 Bc7 32. Re2 Qf6 33. Rd3 Qg5 34. Be3 {[%emt 0:00:00] Inhibits Qc1+.} Qh4 35. Qd2 {[%emt 0:00:37] aiming for Bg5.} (35. Qxb7 d5 36. Rd1 (36. Qxa6 $2 d4 $19) (36. Qxd5 $2 Rd8 $19) (36. Rxd5 Nxe3 37. Nxe3 e4 $11) (36. cxd5 $2 e4 $19) 36... e4 $11) 35... Nxe3 (35... h6 $11) 36. Nxe3 $16 Bb6 (36... Qg5 $142) 37. Rxd6 Bd4 38. Ng4 {[%emt 0:00:06] Strongly threatening Nh6+.} Rf4 39. Rd7 (39. Nxe5 Bxf2+ 40. Kh1 Bg3 $17) (39. c5 $142) 39... b6 40. Qc2 Qg5 41. Kh1 R8f5 ({Black should play} 41... Qh4 42. Kg1 (42. Nxe5 $2 Bxe5 43. Qd1 Rd4 $19) 42... Qg5) 42. c5 $1 Bxc5 (42... bxc5 $16 {was called for.} 43. Qc4+ Rf7) 43. Qd3 (43. g3 $1 $18 Rxg4 44. hxg4 Qxg4 45. Qd3) 43... Rd4 44. Rxd4 {[%emt 0:00:22] White is much more active.} Bxd4 45. Rc2 {[%emt 0:09:06] Prevents Qc1+.} (45. Qc4+ $6 Kg7 $11) ({Better is} 45. g3 $1 $16 {Hoping for f4.} Qc1+ 46. Kg2 (46. Kh2 Kg7 $14) 46... Qc6+ 47. Qe4 Qxe4+ 48. Rxe4) 45... h5 $2 {[%emt 0:00:00][%mdl 8192] [#]} (45... Rf7 $11 {and Black stays safe.}) 46. Rc7 $1 $18 {[%emt 0:00:00] Qc4+ would kill now.} b5 {[%emt 0:00:17] [#] Prevents Qc4+.} (46... hxg4 {is a self mate.} 47. Qc4+ Kf8 48. Rc8+ (48. Qd5 Qe7 $16) 48... Ke7 49. Qc7+ Ke6 50. Qc6+ Kf7 51. Qe8+ Kf6 52. Rc6+ Kg7 53. Rc7+) (46... Bc5) 47. Qe4 $1 {[%emt 0:00:00] Intending Qd5+ and mate.} ({Weaker is} 47. Nxe5 Rxf2 48. Rc8+ Kh7 49. Rc7+ Kg8 50. Rc8+ Kh7 51. Rc7+ Kg8 $11) 47... Rf8 48. Qd5+ Kh8 49. Qd7 {[%emt 0:00:00] Weighted Error Value: White=0.16 (very precise) /Black=0.49} 1-0

[Event "HSK IM Invitational 2022"]
[Site "Hamburg"]
[Date "2022.05.23"]
[Round "4.2"]
[White "Miezis, Normunds"]
[Black "Kotyk, Michael"]
[Result "1-0"]
[ECO "A27"]
[WhiteElo "2452"]
[BlackElo "2170"]
[Annotator "TA"]
[PlyCount "71"]
[EventDate "2022.05.20"]
[EventType "tourn"]
[EventCountry "GER"]
[SourceTitle "playchess.com"]
[Source "ChessBase"]
[SourceQuality "1"]
[TimeControl "40/5400+30:1800+30"]

1. c4 e5 2. Nc3 Nc6 3. Nf3 f5 4. d4 e4 5. Ng5 Bb4 6. g3 {[%emt 0:04:04] A27: English Opening: Three Knights Variation.} Qf6 7. Be3 {[%emt 0:02:35] [#]} Bxc3+ $146 ({Predecessor:} 7... Nge7 8. Qb3 a5 9. a3 a4 10. Qc2 Ba5 11. O-O-O Bxc3 12. Qxc3 d5 13. f3 Na5 14. fxe4 dxe4 15. Bg2 Qa6 16. c5 Nd5 {0-1 (16) Heuer,T (2280)-Jamrich,G (2310) Budapest 1998}) 8. bxc3 {[%emt 0:00:18] Black is slightly better.} b6 9. Bg2 Na5 10. Qa4 (10. f3 $15 Nxc4 11. Bc1) 10... Ba6 (10... h6 $142 11. Nh3 Ba6) 11. c5 h6 12. Nh3 g5 13. Rc1 Qe6 14. d5 Qxd5 15. Bd4 Rh7 16. f3 {[%emt 0:00:08] [#]} O-O-O (16... Qc4 $142 $1 17. Qxc4 Nxc4 18. fxe4 Bb7) 17. fxe4 $17 fxe4 18. Nf2 {[%emt 0:00:35] Hoping for cxb6.} Re7 19. Rc2 Rde8 (19... Rf8 $17 20. O-O Qc4) 20. O-O h5 {[%emt 0:02:05] Prevents Ng4.} (20... Qc4 $15 21. Qa3 Nc6) 21. Nd1 $11 Rf7 22. Ne3 (22. Rxf7 $14 Qxf7 23. c4) 22... Rxf1+ 23. Bxf1 Qe6 (23... Qc6 $5 24. Qa3 Nf6 $11) 24. c4 d6 $2 (24... Kb7 $1 $11) 25. cxd6 {[%emt 0:04:25][%cal Of1h3] And now Bh3! would win.} cxd6 (25... Qd7 $16 26. Qxd7+ (26. Bh3 g4 $11) 26... Kxd7) 26. Bc3 Qd7 {[%emt 0:01:26] Against Bh3} 27. Qa3 ({Stronger than} 27. Bh3 g4 28. Qxd7+ Kxd7 29. Bxa5 bxa5 $17) 27... Qc6 (27... Bb7 {was worth a try.} 28. Rd2 Re6 29. Bxa5 (29. c5 d5 $18) 29... bxa5) 28. c5 $18 Kd7 $2 (28... dxc5 29. Bxa5 Kb8) 29. Bxa5 bxa5 30. cxd6 Qb6 31. Rc7+ Ke6 32. Qc3 {[%emt 0:06:12] aiming for d7.} Bb5 {[%emt 0:01:07] Against d7} 33. Rc5 Kd7 34. Nd5 Qb8 35. Nc7 (35. Bh3+ $142 Kxd6 36. Nc7 Nf6 37. Rxb5 Qxb5 38. Nxb5+ Kd5 39. Qxf6 g4 40. Qd6+ Kc4 {[#]} 41. e3 $1) 35... Ba4 36. Nxe8 {[%emt 0:00:52] Quite a comeback for White.  Weighted Error Value: White=0.24 (precise) /Black=0.98} (36. Qg7+ $142 Ne7 37. Nxe8 Qxe8 38. dxe7 Qxe7 39. Rd5+ Kc6 40. Qxe7 Kxd5 41. Bg2) 1-0

[Event "HSK IM Invitational 2022"]
[Site "Hamburg"]
[Date "2022.05.23"]
[Round "4.3"]
[White "Fischer, Daniel"]
[Black "Schulze, Lara"]
[Result "0-1"]
[ECO "B62"]
[WhiteElo "2367"]
[BlackElo "2303"]
[Annotator "TA"]
[PlyCount "92"]
[EventDate "2022.05.20"]
[EventType "tourn"]
[EventCountry "GER"]
[SourceTitle "playchess.com"]
[Source "ChessBase"]
[SourceQuality "1"]
[TimeControl "40/5400+30:1800+30"]

1. e4 c5 2. Nf3 Nc6 3. d4 cxd4 4. Nxd4 Nf6 5. Nc3 d6 6. Bg5 e6 7. Bb5 Bd7 8. Qd3 {[%emt 0:00:21] is recently more successful than 8.Bxc6. B62: Sicilian: Richter-Rauzer: 6...e6: Unusual White 7th moves.} Be7 (8... h6 $5 9. Bh4 Be7 $11) 9. O-O-O O-O 10. Bxc6 {[%emt 0:00:30] White has an edge.} (10. f4 {keeps more tension.} Nxd4 11. Bxd7 h6 12. h4) 10... bxc6 11. Nb3 Bc8 12. Rhe1 e5 {[%emt 0:11:47] [#]} 13. a3 $146 ({Predecessor:} 13. f4 h6 14. fxe5 dxe5 15. Be3 Bg4 16. Qxd8 Rfxd8 17. Rxd8+ Bxd8 18. Nc5 Bh5 19. Nb7 {½-½ (57) Deakin,C (2101)-Simplina,P ICCF email 2020}) 13... Be6 14. f4 Rb8 (14... Qc8 $5 ) 15. fxe5 dxe5 16. Qg3 Qc7 17. Bxf6 (17. Nc5 $5) 17... Bxf6 18. Nc5 Qe7 19. Qf2 Bh4 20. g3 Bg5+ 21. Kb1 Bg4 22. Rd3 f5 {[%emt 0:04:42] Hoping for ...fxe4.} 23. Qg1 f4 (23... Rfd8 $11 {feels stronger.}) 24. N3a4 (24. gxf4 $1 $14 Rxf4 25. Ne2 Bxe2 26. Rxe2) 24... f3 $36 {[%emt 0:04:02][%mdl 2048] White must now prevent ...f2. Black is pushing.} 25. Qf2 Rbd8 26. Red1 h5 27. h3 (27. h4 $15 Bf6 28. Rxd8 Rxd8 29. Nd3) 27... Rxd3 $17 ({Stronger than} 27... Bxh3 28. Rxd8 Rxd8 29. Qxf3 $17 (29. Rxd8+ Qxd8 30. Qxf3 Bg4 $17)) 28. Rxd3 Bxh3 29. Rxf3 Bg4 {[%emt 0:02:40] A strong pair of Bishops.} 30. Rxf8+ Qxf8 31. Qe1 (31. Qxf8+ $17 {might work better.} Kxf8 32. Nd3) 31... Kh7 (31... Qf3 $19 {and Black stays clearly on top. And now ...Be3 would win.} 32. Nd3 Qg2) 32. Nd3 {[%emt 0:00:33] [#]} Bf6 {[%emt 0:03:05] Black is more active.} (32... Bh3 $1 $17) 33. Qa5 Qe7 34. Qa6 Qd7 35. Nac5 Qd4 {[%emt 0:00:41] Threatens to win with ...Qg1+.} 36. Qxa7 Qg1+ 37. Ka2 Qxg3 38. a4 $1 {[%emt 0:01:11] Strongly threatening a5.} h4 {[%emt 0:01:11] aiming for ...h3.} 39. a5 h3 40. Qb7 $2 (40. a6 $11 {and White has nothing to worry.} h2 41. Qb8) 40... h2 $19 41. a6 h1=Q 42. a7 Qgg2 {[%emt 0:15:52][%cal Og4e6] ...Be6+! is the strong threat.} 43. a8=Q {[%emt 0:00:00] [#]} Qxc2 (43... Be6+ $142 $1 44. Nxe6 Qxc2) 44. Qe8 $2 (44. Qf7 $19 Qhb1+ 45. Ka3 Qa1+ 46. Qa2) 44... Qhb1+ {[%emt 0:05:49] Black mates.} 45. Ka3 Qa1+ 46. Kb4 Qa2 {[%emt 0:00:27] Weighted Error Value: White=0.45/Black=0.17 (very precise)} 0-1